AoeStats
← [TMG] sandriko

Oasis

508907268Analyzed
4v4 RM · 9d ago on Sep 24, 2026· 47m 32s· 8 players
Game mode
Random Map
Map size
Large (8 player)
Population
200
Speed
Normal
Resources
Standard
Victory
Conquest
Starting age
Dark Age
Ending age
Imperial Age
RankedLock teamsTeams togetherTeam positionsShared explorationLock speedFull tech treeHidden civsTurbo modeCheats
Victory
Defeat
🇹🇼 Saxons · Taiwan
1821
+7
🇺🇦 Maya · Ukraine
1798
+8
🇹🇷 Mongols · Türkiye
1762
+9
🇹🇼 Danes · Taiwan
1651
+14
🇬🇪 Koreans · Georgia
1618
-10
🇬🇪 Saxons · Georgia
1613
-10
🇬🇪 Huns · Georgia
1597
-9
🇬🇪 Persians · Georgia
1587
-9
TAG_Wayne
10:57 Feudal Age
14:34 Castle Age
12:38 Double-Bit Axe
12:56 Horse Collar
15:40 Bow Saw
18:45 Wheelbarrow
18:44 Stone Mining
19:34 Gold Mining
21:07 Hand Cart
21:30 Squires
21:16 Arson
22:55 Scale Mail Armor
24:35 Chain Mail Armor
25:27 Town Watch
27:36 Forging
28:18 Heavy Plow
32:54 Imperial Age
30:12 Loom
31:57 Gold Shaft Mining
32:46 Iron Casting
33:11 Elite Jomsviking
34:22 Plate Mail Armor
36:40 Blast Furnace
36:02 Conscription
37:00 Fletching
37:09 Hamask
37:47 Bodkin Arrow
37:54 Murder Holes
38:20 Ballistics
39:28 Bracer
42:24 Chemistry
45:21 Caravan
Jugband
9:31 Feudal Age
13:17 Castle Age
11:49 Double-Bit Axe
12:43 Horse Collar
14:14 Bow Saw
19:35 Wheelbarrow
21:54 Hand Cart
25:12 Loom
25:39 Fletching
25:55 Heavy Plow
25:46 Gold Mining
25:47 Stone Mining
26:51 Bodkin Arrow
26:57 Padded Archer Armor
29:34 Imperial Age
29:09 Town Watch
30:19 Ballistics
30:15 Bodkin Arrow
31:01 Bracer
31:56 Conscription
32:15 Coinage
32:08 Bloodlines
31:59 Husbandry
33:38 Chemistry
33:32 Parthian Tactics
34:14 Banking
34:21 Leather Archer Armor
34:16 Thumb Ring
34:46 Masonry
36:32 Forging
36:27 Scale Barding Armor
35:43 Light Cavalry
38:21 Caravan
40:41 Chain Barding Armor
41:04 Siege Engineers
41:36 Iron Casting
45:11 Blast Furnace
47:36 Blast Furnace
47:12 Hoardings
lxnmnk Trade | B | S
0:27 Loom
8:33 Feudal Age
9:19 Double-Bit Axe
9:43 Horse Collar
16:53 Wheelbarrow
16:36 Horse Collar
20:08 Castle Age
20:39 Gold Mining
21:15 Bow Saw
26:31 Imperial Age
24:38 Fletching
28:42 Ballistics
34:42 Crossbowman
35:18 Bodkin Arrow
35:29 Thumb Ring
36:52 Bracer
37:37 Padded Archer Armor
37:58 Hand Cart
37:30 Town Watch
39:03 Chemistry
38:31 Caravan
38:53 Heavy Plow
39:20 Arbalester
40:29 Scale Mail Armor
40:40 Forging
41:26 Leather Archer Armor
41:14 Eagle Warrior
42:45 Chain Mail Armor
42:44 Squires
42:14 Pikeman
42:58 Squires
45:13 Plate Mail Armor
45:17 Conscription
45:10 Pikeman
45:42 Halberdier
45:44 Elite Eagle Warrior
47:55 Iron Casting
47:54 Leather Archer Armor
TAG_Sora Kuma
6:19 Loom
11:31 Feudal Age
12:30 Horse Collar
12:36 Double-Bit Axe
14:49 Town Watch
20:26 Castle Age
18:24 Gold Mining
18:46 Stone Mining
19:11 Fletching
20:52 Wheelbarrow
21:10 Bodkin Arrow
22:20 Bow Saw
27:59 Scale Mail Armor
28:10 Squires
29:53 Gold Shaft Mining
31:45 Heavy Plow
32:16 Chain Mail Armor
36:27 Hand Cart
37:23 Forging
40:21 Imperial Age
37:48 Arson
41:38 Conscription
40:38 Shield Wall
41:55 Coinage
40:52 Elite Hearth Troop
42:09 Plate Mail Armor
43:26 Iron Casting
44:22 Two-Man Saw
43:53 Crop Rotation
44:05 Bracer
45:32 Banking
45:52 Ballistics
46:25 Padded Archer Armor
[TMG] sandriko
6:29 Loom
8:45 Feudal Age
11:53 Fletching
20:45 Castle Age
19:41 Double-Bit Axe
20:53 Padded Archer Armor
20:52 Gold Mining
20:49 Crossbowman
21:57 Bodkin Arrow
26:22 Bow Saw
26:54 Ballistics
29:30 Horse Collar
32:02 Wheelbarrow
35:01 Imperial Age
32:47 Scale Mail Armor
33:09 Forging
33:01 Squires
32:46 Arson
33:53 Chain Mail Armor
33:58 Heavy Plow
35:55 Iron Casting
36:25 Plate Mail Armor
36:16 Elite Hearth Troop
37:55 Bracer
39:13 Conscription
38:47 Shield Wall
41:29 Gold Shaft Mining
41:38 Arson
43:08 Chemistry
43:41 Hand Cart
43:11 Town Watch
[TMG] Lucipher
5:49 Loom
8:44 Feudal Age
9:44 Double-Bit Axe
19:51 Wheelbarrow
22:38 Castle Age
20:52 Horse Collar
23:20 Fletching
22:50 Crossbowman
23:41 Bow Saw
24:12 Bodkin Arrow
26:40 Fortified Wall
29:36 Ballistics
[TMG] roogg
6:33 Loom
8:57 Feudal Age
15:01 Wheelbarrow
14:31 Double-Bit Axe
19:51 Castle Age
17:49 Horse Collar
21:16 Bow Saw
21:48 Heavy Plow
23:22 Hand Cart
28:10 Scale Barding Armor
28:34 Bloodlines
28:57 Forging
29:04 Husbandry
30:31 Chain Barding Armor
31:55 Iron Casting
31:40 Town Watch
36:52 Imperial Age
35:21 Stone Mining
35:21 Gold Mining
36:32 Cavalier
37:48 Plate Barding Armor
38:14 Blast Furnace
37:36 Conscription
37:46 Savar
39:37 Gold Shaft Mining
40:27 Fletching
43:15 Light Cavalry
46:07 Caravan
46:49 Coinage
46:30 Guilds
48:10 Banking
[TMG] zv
6:20 Loom
8:44 Feudal Age
9:23 Double-Bit Axe
10:59 Horse Collar
16:12 Wheelbarrow
16:46 Gold Mining
19:11 Castle Age
19:03 Bloodlines
19:03 Scale Barding Armor
19:09 Forging
20:21 Bow Saw
20:47 Chain Barding Armor
21:54 Husbandry
23:59 Iron Casting
24:36 Town Watch
25:08 Hand Cart
34:42 Stone Mining
42:17 Imperial Age
42:35 Gold Shaft Mining
43:59 Plate Barding Armor
44:13 Elite Tarkan
47:52 Heavy Plow
48:53 Two-Man Saw
Connection lost

Rejoining the realm…

Still unreachable

The connection could not be restored.

Session expired

The server has moved on; the page needs a fresh start.